 Dungeon Crawl Stone Soup version 0.30-a0-847-g17996783a1 (webtiles) character file.

Game seed: 4668926088622083028

1 holysushi the Trooper (level 1, -1/18 HPs)
             Began as a Demonspawn Monk on Mar 3, 2023.
             Slain by a frilled lizard (3 damage)
             ... on level 1 of the Dungeon.
             The game lasted 00:00:03 (53 turns).

holysushi the Trooper (Demonspawn Monk)               Turns: 53, Time: 00:00:04

Health: -1/18      AC:  2    Str: 11    XL:     1   Next: 16%
Magic:  1/1        EV:  9    Int: 11    God:
Gold:   7          SH:  0    Dex: 15    Spells: 0/0 levels left

rFire   . . .      SeeInvis .    a - +0 short sword
rCold   . . .      Faith    .    (no shield)
rNeg    . . .      Spirit   .    b - +0 robe
rPois   .          Reflect  .    (no helmet)
rElec   .          Rampage  .    (no cloak)
rCorr   .                        (no gloves)
Will    .....                    (no boots)
Stlth   ++                       (no amulet)
HPRegen 0.23/turn                (no ring)
MPRegen 0.07/turn                (no ring)

@: constricted
A: no striking features
a: no special abilities


You were on level 1 of the Dungeon.
You visited 1 branch of the dungeon, and saw 1 of its levels.

You collected 7 gold pieces.

Inventory:

Hand Weapons
 a - a +0 short sword (weapon)
Armour
 b - a +0 robe (worn)
Potions
 c - a potion of ambrosia


   Skills:
 - Level 3.0 Fighting
 + Level 2.8 Short Blades
 - Level 2.6 Dodging
 - Level 1.7 Stealth


You couldn't memorise any spells.
You didn't know any spells.
Your spell library was empty.

Dungeon Overview and Level Annotations

Branches:
Dungeon (1/15) Zot: 5946

Altars:


Message History

Found a dagger.
A hobgoblin comes into view.
Found a stone staircase leading down.
The hobgoblin shouts!
You hear an angry hiss.
You see here 7 gold pieces.
A hobgoblin is nearby!
A hobgoblin is nearby!
A hobgoblin is nearby!
A hobgoblin is nearby!
You now have 7 gold pieces.
A ball python comes into view.
A frilled lizard comes into view.
The frilled lizard hisses angrily.
You barely miss the hobgoblin.
A quokka comes into view.
You hit the hobgoblin.
The hobgoblin is severely wounded.
The hobgoblin hits you. The ball python closely misses you.
The ball python grabs you. The ball python constricts you.
You completely miss the ball python. The frilled lizard bites you.
The hobgoblin hits you. The ball python closely misses you.
The ball python constricts you.
You are too injured to fight recklessly!
You hit the hobgoblin.
You kill the hobgoblin!
The ball python bites you but does no damage.
The ball python constricts you.
* * * LOW HITPOINT WARNING * * *
The frilled lizard completely misses you.
You are too injured to fight recklessly!
You are too injured to fight recklessly!
You hit the ball python but do no damage.
The ball python bites you.
* * * LOW HITPOINT WARNING * * *
The ball python constricts you. The frilled lizard bites you.
* * * LOW HITPOINT WARNING * * *
You hit the ball python but do no damage.
The ball python closely misses you. The ball python constricts you.
The frilled lizard bites you.
You die...

#.......# . #
#.......#
#.##.###.......#
#..............##
).................
#>##..##.......##..
..........###.## #
.#####.#####.#
#..@....#.#
#.S.l...###
.....r......#
..###.......###
##......# #......#
#......# #......#


You could see a quokka, a ball python and a frilled lizard.

Vanquished Creatures
  A hobgoblin (D:1)
1 creature vanquished.

Notes
Turn   | Place    | Note
-------+----------+-------------------------------------------
     0 | D:1      | holysushi the Demonspawn Monk began the quest for the Orb.
     0 | D:1      | Reached XP level 1. HP: 18/18 MP: 1/1
    53 | D:1      | Slain by a frilled lizard

Illustrated notes

Levels and vault maps discovered:
D:1:      wheals_arrival_linesprint, layout_basic, solitary_fountain

Action                     || total
---------------------------++-------
  Melee: Short sword       ||     6
 Armour: Robe              ||     1
  Dodge: Dodged            ||     4

Table legend: (Time is in decaauts)
 A = Elapsed time spent in this place.
 B = Non-inter-level travel time spent in this place.
 C = Inter-level travel time spent in this place.
 D = Time resting spent in this place.
 E = Time spent auto-exploring this place.
 F = Levels seen in this place.
 G = Mean time per level.
                   A        B        C        D        E       F      G
               +--------+--------+--------+--------+--------+-----+--------+
         Total |     52 |     52 |      0 |      0 |     43 |   1 |   52.0 |
       Dungeon |     52 |     52 |      0 |      0 |     43 |   1 |   52.0 |
               +--------+--------+--------+--------+--------+-----+--------+

Top non-repeatable levels by time:
     D:1: 52 daAuts
